 Dungeon Crawl Stone Soup version 0.18.1-47-g9310371 (webtiles) character file.

627104 Jerry the Maledictor (level 27, -27/214 HPs)
             Began as a Vampire Enchanter on June 14, 2016.
             Was the Champion of Dithmenos.
             Killed from afar by a black draconian annihilator (83 damage)
             ... with a crystal spear
             ... on level 5 of the Realm of Zot on June 16, 2016.
             The game lasted 17:33:40 (95156 turns).

Jerry the Maledictor (Vampire Enchanter)           Turns: 95156, Time: 17:33:45

Health: -27/214    AC: 21    Str:  8    XL:     27
Magic:  30/53      EV: 37    Int: 32    God:    Dithmenos [******]
Gold:   8675       SH:  8    Dex: 29    Spells: 11 memorised, 14 levels left

rFire  + + .     SeeInvis +     V - +9 quick blade (vamp)
rCold  + + .     Gourm    .     y - +2 robe {rF+}
rNeg   + + +     Faith    .     j - +0 buckler "Cimok" {rElec MP+9 Int+4}
rPois  +         Spirit   .     S - +2 helmet {Int+3}
rElec  +         Dismiss  .     d - +5 cloak "Araunt" {rC+}
rCorr  .         Reflect  .     Q - +2 pair of gloves {Dex+3}
SustAt +         Harm     .     K - +2 pair of boots {Fly}
MR     +++++     Clarity  +     C - amulet of the Four Winds {rN+ MR+++ Clar}
Stlth  ++++++++++               B - ring of the Jackalope {SustAt Dex+3 SInv}
                                P - ring "Puytif" {rF+ rN+ MR+}

@: about to teleport, aura of abjuration, regenerating slowly, wreathed by
umbra, almost entirely resistant to hostile enchantments, uncannily stealthy
A: fangs 3, thin skeletal structure 1, see invisible, agile 1, deterioration 1,
unbreathing, no device heal 1
a: Bat Form, Shadow Step, Shadow Form, Renounce Religion, Evoke Flight
}: 3/15 runes: barnacled, silver, gossamer


You were on level 5 of the Realm of Zot.
You worshipped Dithmenos.
Dithmenos was exalted by your worship.
You were very thirsty.

You visited 12 branches of the dungeon, and saw 57 of its levels.
You also visited: Labyrinth, Trove, Ossuary, Bailey, Ice Cave and Wizlab.

You collected 9535 gold pieces.
You spent 860 gold pieces at shops.

Inventory:

Hand Weapons
 V - a +9 vampiric quick blade (weapon)
Missiles
 s - 12 poisoned javelins (quivered)
Armour
 d - the +5 cloak "Araunt" (worn) {rC+}
   (You found it in an ice cave)

   It protects you from cold.
 j - the +0 buckler "Cimok" (worn) {rElec MP+9 Int+4}
   (You found it on level 3 of the Lair of Beasts)

   It affects your intelligence (+4).
   It insulates you from electricity.
   It affects your magic capacity (+9).
 y - a +2 robe of fire resistance (worn)
 K - a +2 pair of boots of flying (worn)
 Q - a +2 pair of gloves of dexterity (worn)
 S - a +2 helmet of intelligence (worn)
Jewellery
 B - the ring of the Jackalope (right hand) {SustAt Dex+3 SInv}
   (You found it on level 3 of the Depths)

   [ring of sustain attributes]

   It sustains your strength, intelligence and dexterity.
   It affects your dexterity (+3).
   It lets you see invisible.
 C - the amulet of the Four Winds (around neck) {rN+ MR+++ Clar}
   (You took it off an orc wizard on level 14 of the Dungeon)

   [amulet of nothing]

   It protects you from negative energy.
   It affects your resistance to hostile enchantments.
   It protects you against confusion.
 P - the ring "Puytif" (left hand) {rF+ rN+ MR+}
   (You found it on level 3 of the Elven Halls)

   [ring of positive energy]

   It protects you from fire.
   It protects you from negative energy.
   It affects your resistance to hostile enchantments.
Wands
 x - a wand of teleportation (6/9)
 E - a wand of digging (8/24)
 H - a wand of iceblast (6/15)
 I - a wand of disintegration (4/24)
 O - a wand of iceblast (3/15)
Scrolls
 b - 11 scrolls of fog
 e - a scroll of torment
 f - 9 scrolls of blinking
 i - 2 scrolls of amnesia
 m - 2 scrolls of brand weapon
 n - 2 scrolls of summoning
 r - 4 scrolls of silence
 t - 16 scrolls of remove curse
 u - 9 scrolls of teleportation
 v - a scroll of enchant armour
 D - a scroll of fear
 F - 7 scrolls of vulnerability
 G - 9 scrolls of enchant weapon
 J - 21 scrolls of identify
 M - 14 scrolls of recharging
 X - 6 scrolls of magic mapping
Potions
 a - 5 potions of haste
 g - 11 potions of heal wounds
 h - 4 potions of might
 k - 11 potions of blood
 l - 23 potions of curing
 o - 10 potions of cure mutation
 p - 6 potions of magic
 w - 8 potions of brilliance
 z - 7 potions of agility
 A - 11 potions of ambrosia
 L - a potion of invisibility
 N - 3 potions of cancellation
Miscellaneous
 c - a box of beasts {used: 1}
 q - a phantom mirror
 T - a sack of spiders {used: 1}
 Z - a box of beasts


   Skills:
 - Level 17.0 Fighting
 - Level 12.0 Short Blades
 - Level 7.8 Armour
 - Level 22.4 Dodging
 - Level 23.0 Stealth
 - Level 6.7 Shields
 + Level 17.6 Spellcasting
 - Level 23.2 Hexes
 - Level 13.4 Charms
 - Level 21.0 Summonings
 - Level 3.5 Translocations
 - Level 6.7 Ice Magic
 - Level 8.0 Invocations


You had 14 spell levels left.
You knew the following spells:

 Your Spells              Type           Power        Failure   Level  Hunger
a - Haste                 Chrm           #######.     1%          6    None
b - Ensorcelled Hibernat  Hex/Ice        ######       0%          2    None
c - Confuse               Hex            ########     0%          3    None
d - Tukima's Dance        Hex            ########     0%          3    None
e - Discord               Hex            ########..   1%          8    #####..
f - Ozocubu's Armour      Chrm/Ice       #######.     1%          3    None
g - Warp Weapon           Chrm/Tloc      ######....   1%          5    None
h - Summon Horrible Thin  Summ           ########..   1%          8    #####..
i - Aura of Abjuration    Summ           ########..   0%          5    None
j - Blink                 Tloc           N/A          1%          2    None
k - Repel Missiles        Chrm/Air       ######       1%          2    None


Dungeon Overview and Level Annotations

Branches:
Dungeon (15/15)            Temple (1/1) D:4            Lair (8/8) D:10
 Shoals (4/4) Lair:5       Spider (4/4) Lair:3        Slime (4/6) Lair:8
    Orc (2/2) D:11            Elf (3/3) Orc:2        Vaults (5/5) D:14
  Crypt (1/3) Vaults:3     Depths (5/5) D:15            Zot (5/5) Depths:5

Altars:
Ashenzari
Cheibriados
Dithmenos
Elyvilon
Fedhas
Gozag
Kikubaaqudgha
Makhleb
Nemelex Xobeh
Okawaru
Pakellas
Qazlal
Ru
Sif Muna
Trog
Vehumet
Xom
Yredelemnul
Zin
The Shining One
Jiyva

Shops:
D:5 (   D:7 *?!?   D:10 %   D:14 *%*   Orc:2 *%:(   Elf:3 !   Shoals:2 }
Shoals:4 *:   Vaults:3 [   Vaults:4 [*?(%   Vaults:5 %   Depths:3 *

Portals:
Hell: Depths:1 Depths:2 Depths:3 Depths:4 Depths:5
Abyss: Depths:4 Depths:5
Pandemonium: Depths:2 Depths:3
Ziggurat: Depths:4

Annotations:
D:7 OrDronus's ghost, novice KoAM
D:15 exclusion: oklob plant
Shoals:3 Mara
Spider:2 exclusion: Roxanne, Roxanne


Innate Abilities, Weirdness & Mutations

You heal slowly.
You have razor-sharp teeth.
You have supernaturally acute eyesight.
You can survive without breathing.
You have a somewhat thin skeletal structure (Dex +2, Stealth).
You are agile. (Dex +2)
Your body sometimes deteriorates upon taking damage.
Potions and wands are less effective at restoring your health.


Message History

* * * LOW HITPOINT WARNING * * *
The ancient lich touches your large abomination!
Your large abomination is destroyed!
The black draconian annihilator completely misses you.
There is a huge open gate here.
Read which item? (? for menu, Esc to quit)
As you read the scroll of teleportation, it crumbles to dust.
You feel strangely unstable.
The golden dragon breathes poison at you.
The blast of poison misses you.
The electric golem completely misses you.
The electric golem closely misses you. x2
The electric golem completely misses you.
A red draconian scorcher opens the door.
The black draconian zealot hits you but does no damage.
The red draconian shifter gestures wildly while chanting.
A red draconian scorcher opens the door.
The black draconian annihilator gestures at you while chanting.
The crystal spear hits you!
You die...

.......................##.##.....
.......###'###.........'..##.....
.....<.# #.# #8........#####.<...
##.....# #.# #.........# #.....
.'.....# #.# #.######.## #.....
##.....# #.# #.# ##..# #...##
#.....# ### #<# #...# #####
#.##### #.#####.#.# ##.#
#§8@q''''''
...###########qLqDz'+++'
..............'Dq§§q++
#############.§'dq...+
#.............'''.q(.+
###.##########'+'.$/.+ #.#
#'++....+ #.##########'+++++++
#...........'++++++++


You could see an electric golem, a black draconian knight, 2 golden dragons, an
ancient lich, a purple draconian, a curse toe, a red draconian shifter, 2
draconians, a black draconian annihilator and 2 draconians.

Vanquished Creatures
  Dissolution (Slime:3)
  2 ancient liches
  Sojobo (Depths:3)
  Boris (Vaults:3)
  Norris (Vaults:3)
  Saint Roka (Depths:1)
  2 curse toes
  4 Killer Klowns (Zot:5)
  Nikola (Depths:1)
  3 golden dragons
  Jorgrun (Shoals:3)
  9 tentacled monstrosities
  A hellephant (Depths:2)
  3 deep elf blademasters
  11 Orb Guardians (Zot:5)
  A titan (Vaults:5)
  2 deep elf master archers (Elf:3)
  Polyphemus (Shoals:4)
  2 quicksilver dragons
  4 sphinxes
  A tentacled starspawn (WizLab)
  6 liches
  5 acid blobs
  10 death cobs
  12 storm dragons
  7 azure jellies
  6 tengu reavers
  3 shadow dragons
  3 draconian knights (Zot:2)
  Ilsuiw (Shoals:4)
  A draconian monk (Zot:4)
  3 orc warlords
  Wiglaf (Vaults:2)
  8 deep elf sorcerers
  13 frost giants
  5 ghost moths
  Louise (Depths:4)
  An iron dragon (Depths:3)
  7 draconian zealots
  8 vault wardens
  13 fire giants
  4 draconian scorchers
  6 deep elf elementalists (Elf:3)
  The ghost of Anmu the Brawler, a journeyman TrMo of Trog (Lair:7)
  2 draconian shifters (Zot:2)
  2 draconian annihilators
  15 ironheart preservers
  5 emperor scorpions
  24 very ugly things
  6 spriggan defenders
  The ghost of mif the Severer, a journeyman MiBe of Trog (Orc:1)
  7 vampire knights
  13 stone giants
  2 draconian callers (Zot:5)
  6 green draconians
  4 salamander stormcallers
  5 white draconians
  8 black draconians
  Azrael (Orc:2)
  4 deep elf demonologists
  5 deep elf annihilators
  3 purple draconians
  5 yellow draconians
  A dire elephant (shapeshifter) (Vaults:5)
  6 mottled draconians
  12 red draconians
  8 spark wasps
  19 ettins
  A blizzard demon (WizLab)
  3 merfolk javelineers
  A minotaur (Lab)
  6 merfolk impalers
  11 vault guards
  18 fire dragons
  A fire dragon (shapeshifter) (Depths:4)
  A crystal guardian (Vaults:3)
  12 great orbs of eyes
  10 deep elf death magi
  2 deep elf high priests
  Harold (Lair:2)
  7 rakshasas
  7 entropy weavers
  15 ice dragons
  16 yaktaur captains
  8 hydras
  17 ogre magi
  9 spriggan air magi
  2 merfolk aquamancers (Shoals:4)
  9 tengu warriors
  A catoblepas (Shoals:4)
  A satyr (Shoals:3)
  2 death knights
  2 merfolk avatars
  8 centaur warriors
  3 alligator snapping turtles
  33 dancing weapons
  9 deep troll earth magi
  5 vampire magi
  A hell hog (shapeshifter) (Vaults:5)
  A thrashing horror (WizLab)
  9 deep troll shamans
  7 orc high priests
  2 spriggan berserkers (Depths:2)
  4 death yaks
  18 deep elf knights
  5 spriggans
  Sonja (Lair:3)
  2 iron trolls (Depths:3)
  A fire crab (Vaults:3)
  A skeletal warrior (Vaults:4)
  2 shadow wraiths
  9 hell knights
  3 giant orange brains
  18 sea snakes
  45 deep trolls
  4 flayed ghosts
  A lindwurm (shapeshifter) (Vaults:3)
  An unseen horror (D:15)
  9 deep elf archers
  2 lindwurms
  9 phantasmal warriors
  A hill giant (shapeshifter) (Depths:3)
  11 ironbrand convokers
  23 orb spiders
  20 orc knights
  An anubis guard (shapeshifter) (Vaults:3)
  9 necromancers
  29 harpies
  24 hill giants
  A mana viper (WizLab)
  6 hornets
  A stone giant zombie (Vaults:5)
  2 shining eyes
  3 shining eyes (shapeshifter)
  2 oklob plants (Lair:3)
  A harpy (shapeshifter) (Depths:3)
  7 orc sorcerers
  A faun (shapeshifter) (Vaults:4)
  11 fauns
  56 deep elf magi
  14 griffons
  28 wolf spiders
  A sphinx skeleton (Vaults:5)
  7 wizards
  A worldbinder (WizLab)
  A sixfirhy (WizLab)
  25 ugly things
  26 moths of wrath
  12 cyclopes
  15 manticores
  7 sirens
  9 elephants
  3 salamanders (Vaults:3)
  6 water nymphs
  Maurice (D:13)
  A moth of wrath (shapeshifter) (Vaults:4)
  11 vault sentinels
  An octopode (shapeshifter) (Depths:1)
  2 rust devils (Depths:2)
  A guardian serpent (WizLab)
  2 naga magi (D:15)
  An eye of devastation (Slime:2)
  A black mamba (shapeshifter) (Vaults:4)
  A molten gargoyle (D:14)
  6 torpor snails (Lair:8)
  4 black mambas
  2 smoke demons
  2 ice statues (IceCv)
  2 spiny frogs (shapeshifter)
  A gargoyle (D:14)
  An eye of devastation (shapeshifter) (Depths:3)
  20 spiny frogs
  An efreet (Zot:2)
  2 kobold demonologists
  2 rime drakes
  11 komodo dragons
  5 freezing wraiths
  3 centaur skeletons
  A hellion (Depths:2)
  A komodo dragon (shapeshifter) (Depths:2)
  7 ice devils (IceCv)
  A rime drake (shapeshifter) (Depths:5)
  28 yaktaurs
  25 demonic crawlers
  4 tengu conjurers
  A red devil (WizLab)
  A troll (shapeshifter) (Depths:3)
  28 merfolk
  8 trolls
  20 two-headed ogres
  28 jumping spiders
  11 polar bears
  2 wind drakes (Shoals:4)
  A polar bear (shapeshifter) (Depths:4)
  6 boulder beetles
  8 giant leeches
  111 slime creatures
  21 blink frogs
  2 raiju (shapeshifter)
  A stone giant simulacrum (Vaults:2)
  3 raiju (Lair:8)
  12 snapping turtles
  7 air elementals
  A fire dragon skeleton (WizLab)
  28 tarantellas
  56 redbacks
  A vampire (D:13)
  3 shadows
  2 basilisks
  8 water elementals
  78 yaks
  A wraith (D:14)
  4 wyverns
  Grum (D:8)
  A hog (shapeshifter) (Vaults:1)
  A human (shapeshifter) (D:14)
  A steam dragon (D:9)
  30 fire elementals
  15 hippogriffs
  A hippogriff (shapeshifter) (Vaults:1)
  6 hungry ghosts
  A neqoxec (Depths:2)
  2 spatial vortices (WizLab)
  A small abomination (WizLab)
  A mottled dragon (Vaults:1)
  4 swamp worms (D:8)
  15 vampire mosquitoes
  2 insubstantial wisps (WizLab)
  A swamp worm (shapeshifter) (Depths:4)
  15 wargs
  16 water moccasins
  7 hell hounds
  8 porcupines
  A hell hound (shapeshifter) (Depths:1)
  2 giant eyeballs (Depths:3)
  15 black bears
  3 ice beasts
  An ettin simulacrum (Vaults:5)
  4 phantoms
  4 sky beasts
  10 wasps
  An ogre (shapeshifter) (Depths:1)
  A necrophage (D:13)
  10 boggarts
  58 ogres
  2 eyes of draining
  54 orc warriors
  32 wolves
  A human skeleton (Vaults:2)
  A centaur (shapeshifter) (Vaults:5)
  16 centaurs
  10 crocodiles
  6 big kobolds
  21 giant frogs
  2 gnoll sergeants (D:6)
  An earth elemental (Elf:3)
  6 scorpions
  A killer bee (shapeshifter) (Vaults:4)
  19 killer bees
  3 wights (D:15)
  2 howler monkeys
  9 electric eels
  7 crimson imps
  2 draconian simulacra (IceCv)
  A jelly (shapeshifter) (Vaults:4)
  A quasit (D:10)
  2 wasp zombies
  2 human zombies
  8 centaur zombies
  33 orc priests
  2 giant frog zombies
  2 gnoll shamans (D:6)
  21 hounds
  17 jellies
  A giant frog skeleton (D:4)
  37 orc wizards
  8 iguanas
  13 worker ants
  4 troll simulacra (IceCv)
  27 sheep
  A killer bee zombie (D:10)
  2 centaur simulacra
  3 ogre zombies (Ossuary)
  A hound zombie (D:8)
  A hound skeleton (D:6)
  7 mummies (Ossuary)
  A howler monkey zombie (D:11)
  A worker ant zombie (D:10)
  10 gnolls
  12 adders
  3 ogre simulacra (IceCv)
  26 river rats
  2 shadow imps (D:9)
  3 adder zombies
  8 oozes
  2 adder skeletons
  33 worms
  A dart slug (D:4)
  6 giant geckos
  147 orcs
  4 giant cockroaches
  A gnoll zombie (Ossuary)
  12 goblins
  12 hobgoblins
  17 jackals
  38 kobolds
  7 quokkas
  2 ball pythons
  4 bats
  A giant gecko zombie (D:6)
  5 giant newts
  4 goblin zombies (Ossuary)
  5 hobgoblin zombies (Ossuary)
  A jackal skeleton (D:4)
  5 kobold zombies (Ossuary)
  An orc zombie (Ossuary)
  A quokka skeleton (D:8)
  2 quokka zombies (Ossuary)
  7 rats
  4 rat zombies (Ossuary)
  3 plants
2705 creatures vanquished.

Vanquished Creatures (collateral kills)
  An ancient lich (Zot:5)
  2 orbs of fire (Zot:5)
  A juggernaut (Depths:4)
  Margery (Crypt:1)
  4 Killer Klowns (Zot:5)
  5 golden dragons
  2 curse toes
  3 electric golems
  2 iron giants
  2 tentacled monstrosities
  13 Orb Guardians (Zot:5)
  2 liches (Vaults:5)
  A titan (Vaults:5)
  3 tengu reavers
  An eldritch tentacle (WizLab)
  A storm dragon (Vaults:5)
  3 shadow dragons
  2 vault wardens
  A draconian zealot (Zot:2)
  An angel (WizLab)
  2 draconian annihilators
  3 ironheart preservers
  3 war gargoyles (Vaults:5)
  5 very ugly things
  4 green draconians
  2 ettins
  3 white draconians
  2 yellow draconians
  A mottled draconian (Zot:5)
  2 purple draconians
  A merfolk javelineer (Shoals:4)
  2 red draconians
  24 vault guards
  3 merfolk impalers (Shoals:4)
  A blizzard demon (WizLab)
  6 yaktaur captains
  A deep elf death mage (Vaults:5)
  5 ogre magi
  3 fire dragons
  A deep elf high priest (Vaults:5)
  A tengu warrior (Depths:4)
  2 great orbs of eyes
  A catoblepas (Vaults:4)
  A death knight (Vaults:1)
  3 merfolk aquamancers (Shoals:4)
  A dancing weapon (Shoals:4)
  A deep troll earth mage (Depths:4)
  A deep troll shaman (Depths:3)
  2 deep elf knights
  A spriggan (Depths:5)
  An iron troll (Depths:3)
  A hell knight (Vaults:5)
  An orc knight (Vaults:1)
  2 giant orange brains
  A skeletal warrior (Vaults:1)
  A deep elf archer (Vaults:5)
  An obsidian statue (WizLab)
  4 deep trolls
  A flayed ghost (Vaults:1)
  A phantasmal warrior (Vaults:5)
  An orb spider (shapeshifter) (Depths:4)
  3 ironbrand convokers
  6 ugly things
  A worldbinder (WizLab)
  A wolf spider (Vaults:1)
  A moth of wrath (Zot:5)
  2 vault sentinels
  6 yaktaurs
  A kobold demonologist (Vaults:1)
  A merfolk (Shoals:4)
  3 two-headed ogres (Vaults:5)
  A slime creature (shapeshifter) (Vaults:5)
  A slime creature (Vaults:1)
  A boulder beetle (Vaults:1)
  A blink frog (WizLab)
  2 water elementals
  2 fire elementals (Zot:2)
  A yaktaur simulacrum (Vaults:1)
  A spatial vortex (WizLab)
  A deep troll skeleton (Vaults:5)
  3 ogres (Vaults:5)
  A wasp (Depths:5)
  4 boggarts (Vaults:1)
  An orc wizard (D:11)
  A shadow imp (WizLab)
200 creatures vanquished.

Vanquished Creatures (others)
  A golden dragon (Depths:5)
  A shadow dragon (Vaults:5)
  A ghost moth (Zot:5)
  A very ugly thing (Depths:5)
  A stone giant (Depths:4)
  A spark wasp (Depths:3)
  A deep elf death mage (Elf:3)
  2 yaktaur captains
  An orc high priest (Orc:2)
  A spriggan berserker (Depths:4)
  A deep elf archer (Vaults:1)
  A deep elf mage (Elf:1)
  2 necromancers
  2 moths of wrath
  A vault sentinel (Vaults:1)
  A water nymph (Shoals:3)
  A yaktaur (Vaults:1)
  3 slime creatures (Slime:2)
  An orc warrior (Orc:2)
  2 ogres (Depths:1)
  An orc (Orc:1)
  2665 eldritch tentacle segments (WizLab)
  11 fungi
  A lost soul (Crypt:1)
  39 plants
  2 starspawn tentacles (WizLab)
2745 creatures vanquished.

Grand Total: 5650 creatures vanquished

Notes
Turn   | Place    | Note
--------------------------------------------------------------
     0 | D:1      | Jerry the Vampire Enchanter began the quest for the Orb.
     0 | D:1      | Reached XP level 1. HP: 13/13 MP: 3/3
   159 | D:1      | Reached XP level 2. HP: 6/19 MP: 3/5
   401 | D:1      | Learned a level 2 spell: Ensorcelled Hibernation
  1094 | D:1      | Reached XP level 3. HP: 24/24 MP: 3/6
  1200 | D:1      | Reached skill level 5 in Hexes
  1272 | D:2      | You fall through a shaft!
  1525 | D:2      | Reached skill level 5 in Stealth
  1973 | D:3      | Reached XP level 4. HP: 25/30 MP: 2/7
  2951 | D:4      | Found a staircase to the Ecumenical Temple.
  2956 | D:4      | Reached XP level 5. HP: 35/35 MP: 8/8
  2966 | Temple   | Entered the Ecumenical Temple
  3105 | Temple   | Became a worshipper of Dithmenos the Shadowed
  3290 | D:4      | Noticed a phantom
  3936 | D:4      | Killed a phantom
  4481 | D:4      | Reached XP level 6. HP: 41/41 MP: 1/9
  4711 | D:4      | Learned a level 3 spell: Confuse
  4740 | D:5      | Entered Level 5 of the Dungeon
  4831 | D:5      | Found a white marble altar of Elyvilon.
  4903 | D:5      | Found Dobai's Antique Weapon Emporium.
  5380 | D:5      | Got a steaming ring mail
  5528 | D:5      | Identified the +4 ring mail of the Dolphin {MR++} (You found it on level 5 of the Dungeon)
  5578 | D:6      | Found a sand-covered staircase.
  5585 | Ossuary  | Entered an ossuary
  5594 | Ossuary  | Reached * piety under Dithmenos
  5747 | Ossuary  | Reached skill level 1 in Ice Magic
  5747 | Ossuary  | Reached XP level 7. HP: 46/46 MP: 10/10
  5895 | Ossuary  | Reached skill level 1 in Armour
  6653 | Ossuary  | Reached ** piety under Dithmenos
  7251 | D:6      | Reached XP level 8. HP: 52/52 MP: 8/11
  8575 | D:6      | Reached skill level 10 in Hexes
  8864 | D:6      | Reached skill level 5 in Armour
  8876 | D:6      | Reached *** piety under Dithmenos
  9040 | D:6      | Reached XP level 9. HP: 57/57 MP: 9/12
  9897 | D:7      | Noticed OrDronus's ghost (novice KoAM)
  9931 | D:7      | Learned a level 3 spell: Tukima's Dance
 10093 | D:7      | Found Ibriegas's Magic Scroll Shop.
 10142 | D:7      | Found Foeg's Magic Scroll Boutique.
 10167 | D:7      | Found Xuits's Distillery.
 10427 | D:7      | Found Kissiow's Assorted Antiques.
 11339 | D:8      | Reached skill level 5 in Short Blades
 11518 | D:8      | Noticed Grum
 11522 | D:8      | Killed Grum
 11556 | D:8      | Reached skill level 10 in Stealth
 11659 | D:8      | Reached **** piety under Dithmenos
 12085 | D:8      | Reached XP level 10. HP: 47/63 MP: 10/13
 12096 | D:8      | Got a colourful robe
 12120 | D:8      | Identified the +0 robe of an ice cave {MR++ Dex-2} (You found it on level 8 of the Dungeon)
 12938 | D:9      | Found a flagged portal.
 13056 | Bailey   | Entered a bailey
 13259 | Bailey   | Noticed an orc knight
 13309 | Bailey   | Killed an orc knight
 13385 | Bailey   | Found a bloodstained altar of Trog.
 13505 | D:9      | Reached ***** piety under Dithmenos
 13816 | D:9      | Found an iron altar of Okawaru.
 13862 | D:9      | Reached skill level 5 in Dodging
 14224 | D:10     | Entered Level 10 of the Dungeon
 14226 | D:10     | Found Pacushra's Food Shoppe.
 14287 | D:10     | Noticed a hill giant
 14289 | D:10     | Killed a hill giant
 14319 | D:10     | Found a staircase to the Lair.
 14392 | Lair:1   | Entered Level 1 of the Lair of Beasts
 14394 | Lair:1   | Noticed a spiny frog
 14432 | D:10     | Killed a spiny frog
 14432 | D:10     | Reached XP level 11. HP: 63/68 MP: 9/16
 15074 | Lair:1   | Noticed a six-headed hydra
 15215 | Lair:1   | Killed a six-headed hydra
 15215 | Lair:1   | Reached skill level 5 in Spellcasting
 15689 | Lair:2   | Noticed Harold
 15698 | Lair:2   | Killed Harold
 16161 | Lair:2   | Noticed a griffon
 16166 | Lair:2   | Killed a griffon
 16317 | Lair:2   | Reached XP level 12. HP: 74/74 MP: 21/21
 16524 | Lair:3   | Noticed Sonja
 16539 | Lair:3   | Killed Sonja
 16698 | Lair:3   | Reached skill level 10 in Short Blades
 16759 | Lair:3   | Found a hole to the Spider Nest.
 17569 | Lair:4   | Found a labyrinth entrance.
 17592 | Lab      | Entered a labyrinth
 17955 | Lab      | Noticed a minotaur
 17971 | Lab      | Killed a minotaur
 18243 | Lair:4   | Identified a -1 rod of ignition (12/12) (You found it in a labyrinth)
 18610 | Lair:4   | Reached skill level 15 in Hexes
 18612 | Lair:4   | Reached ****** piety under Dithmenos
 18741 | Lair:5   | Found a frozen archway.
 18880 | IceCv    | Entered an ice cave
 20508 | IceCv    | Reached skill level 1 in Invocations
 20512 | IceCv    | Got a translucent cloak
 20623 | Lair:5   | Identified the +5 cloak "Araunt" {rC+} (You found it in an ice cave)
 20721 | Lair:5   | Reached XP level 13. HP: 79/79 MP: 22/22
 20831 | Lair:5   | Reached skill level 10 in Dodging
 21326 | Lair:5   | Found a staircase to the Shoals.
 22814 | Lair:7   | Noticed Anmu's ghost (journeyman TrMo)
 22843 | Lair:7   | Killed Anmu's ghost
 23100 | Lair:7   | Reached skill level 1 in Fighting
 23275 | Lair:8   | Entered Level 8 of the Lair of Beasts
 23292 | Lair:8   | Reached skill level 5 in Invocations
 23578 | Lair:8   | Got a smoking chain mail
 23683 | Lair:8   | Found a runed door.
 23684 | Lair:8   | Found a viscous altar of Jiyva.
 23686 | Lair:8   | Found a staircase to the Slime Pits.
 23709 | Lair:8   | Reached XP level 14. HP: 93/93 MP: 23/23
 24014 | Lair:8   | Found a runed door.
 24776 | Lair:8   | Reached skill level 5 in Fighting
 25814 | Lair:8   | Identified the cursed +0 chain mail of Pomanopich {rC+ Str+8} (You found it on level 8 of the Lair of Beasts)
 27400 | D:11     | Found a staircase to the Orcish Mines.
 27783 | Lair:2   | Gained mutation: You are agile. (Dex +2) [potion of beneficial mutation]
 27831 | Orc:1    | Entered Level 1 of the Orcish Mines
 27876 | Orc:1    | Noticed mif's ghost (journeyman MiBe)
 27945 | Orc:1    | Killed mif's ghost
 28718 | Orc:2    | Entered Level 2 of the Orcish Mines
 29199 | Orc:2    | Reached skill level 15 in Stealth
 29257 | Orc:2    | Noticed Azrael
 29528 | Orc:2    | Found a staircase to the Elven Halls.
 29532 | Orc:2    | Reached XP level 15. HP: 107/107 MP: 24/24
 30015 | Orc:2    | Killed Azrael
 30708 | Orc:2    | Found Texy's Assorted Antiques.
 30711 | Orc:2    | Found Biuteamp's Book Shop.
 30712 | Orc:2    | Found Cealuuho's Antique Weapon Shop.
 30713 | Orc:2    | Found Sijam's Food Boutique.
 30725 | Orc:2    | Bought a book of Enchantments for 600 gold pieces
 30732 | Orc:2    | Learned a level 6 spell: Haste
 30741 | Orc:2    | Learned a level 8 spell: Discord
 31158 | D:12     | Reached skill level 1 in Charms
 32105 | D:13     | Noticed Maurice
 32110 | D:13     | Killed Maurice
 33413 | D:14     | Found Teargh Ropra's General Store.
 33564 | D:14     | Reached skill level 5 in Ice Magic
 33679 | D:14     | Reached skill level 5 in Charms
 33782 | D:14     | Found a gate to the Vaults.
 34060 | D:14     | Found Medyesu's General Store.
 34552 | D:14     | Noticed a fire giant
 34656 | D:14     | Killed a fire giant
 35030 | D:14     | Reached XP level 16. HP: 115/115 MP: 25/25
 35420 | D:14     | Found Acegov's Food Shoppe.
 35521 | D:15     | Entered Level 15 of the Dungeon
 35669 | D:15     | Found a staircase to the Depths.
 36065 | D:15     | Found a blossoming altar of Fedhas.
 36456 | Lair:2   | Identified a scroll of acquirement
 36457 | Lair:2   | Got a warped quick blade
 36458 | Lair:2   | Identified the +8 quick blade "Gastrez" {drain, Str+3 Int+3 Dex+3} (You acquired it on level 2 of the Lair of Beasts)
 36821 | Spider:1 | Entered Level 1 of the Spider Nest
 38579 | Spider:2 | Noticed Roxanne
 40156 | Shoals:1 | Entered Level 1 of the Shoals
 40947 | Shoals:2 | Found Idag Yje's Gadget Shop.
 40950 | Shoals:2 | Reached skill level 10 in Charms
 40954 | Shoals:2 | Reached XP level 17. HP: 120/120 MP: 24/30
 41776 | Spider:4 | Entered Level 4 of the Spider Nest
 41963 | Spider:4 | Identified Leuhi's Tome of the Entourage and Ice
 44367 | Spider:4 | Got a gossamer rune of Zot
 44798 | Lair:3   | Got a transparent buckler
 44804 | Lair:3   | Identified the +0 buckler "Cimok" {rElec MP+9 Int+4} (You found it on level 3 of the Lair of Beasts)
 44898 | Shoals:1 | You fall through a shaft!
 44916 | Shoals:2 | Reached skill level 1 in Shields
 45659 | Shoals:3 | Noticed Mara
 45706 | Shoals:3 | Reached skill level 5 in Shields
 45749 | Shoals:3 | Noticed Jorgrun
 45815 | Shoals:3 | Killed Jorgrun
 45859 | Shoals:2 | Reached XP level 18. HP: 122/127 MP: 31/31
 46238 | Shoals:3 | Noticed Jerry's illusion
 46912 | Shoals:3 | Noticed Jerry's illusion
 47239 | Depths:1 | Entered Level 1 of the Depths
 47456 | Vaults:1 | Entered Level 1 of the Vaults
 47966 | Vaults:1 | Learned a level 3 spell: Ozocubu's Armour
 48306 | Vaults:1 | Reached skill level 15 in Dodging
 48965 | Vaults:2 | Got a smoking lead ring
 48967 | Vaults:2 | Identified the ring "Xohoyffe" {+Fly rF- MP+9 Str-2 SInv} (You found it on level 2 of the Vaults)
 49371 | Vaults:2 | Noticed Wiglaf
 49378 | Vaults:2 | Killed Wiglaf
 49920 | Vaults:3 | Found Petu's Armour Boutique.
 49984 | Vaults:3 | Got a pair of twisted gloves
 49995 | Vaults:3 | Identified the +2 pair of gloves of the Depths {+Inv rC+} (You found it on level 3 of the Vaults)
 50614 | Vaults:3 | Reached XP level 19. HP: 136/136 MP: 32/32
 51351 | Vaults:3 | Found a staircase to the Crypt.
 51351 | Vaults:3 | Found a basalt altar of Yredelemnul.
 51357 | Vaults:3 | Learned a level 4 spell: Summon Ice Beast
 51357 | Vaults:3 | Found an ancient bone altar of Kikubaaqudgha.
 51377 | Vaults:3 | Noticed Norris
 51404 | Vaults:3 | Reached skill level 1 in Summonings
 51469 | Vaults:3 | Killed Norris
 51602 | Vaults:3 | Noticed Boris
 51616 | Vaults:3 | Killed Boris
 51894 | Vaults:4 | Reached skill level 5 in Summonings
 52011 | Vaults:4 | Found Canudwop's Food Shop.
 52983 | Vaults:4 | Reached skill level 10 in Summonings
 53457 | Vaults:4 | Reached XP level 20. HP: 134/145 MP: 29/33
 53510 | Vaults:4 | Got a slimy steel ring
 53728 | Vaults:4 | Identified the ring of Immorality {rElec rN+ Stlth-} (You took it off a frost giant on level 4 of the Vaults)
 53988 | Vaults:4 | Found Tiq Iguf's Magic Scroll Shop.
 54086 | Vaults:4 | Found Xasil's Antique Weapon Emporium.
 54457 | Vaults:4 | Found Xaty's General Store.
 54458 | Vaults:4 | Found Egyt's Armour Shoppe.
 54905 | Lair:2   | Learned a level 8 spell: Summon Horrible Things
 55115 | Shoals:3 | Noticed Jerry's illusion
 55472 | Shoals:4 | Entered Level 4 of the Shoals
 55472 | Shoals:4 | Noticed Ilsuiw
 55472 | Shoals:4 | Noticed Polyphemus
 55895 | Shoals:4 | Killed Ilsuiw
 55961 | Shoals:4 | Found Vinida's Book Shoppe.
 56503 | Shoals:4 | Found Janehydu's Assorted Antiques.
 56824 | Shoals:4 | Killed Polyphemus
 56850 | Shoals:4 | Got a barnacled rune of Zot
 57161 | Shoals:4 | Reached skill level 15 in Summonings
 57366 | Shoals:4 | Got a steaming eveningstar
 57388 | Shoals:4 | Identified the +5 eveningstar "Zexag" {drain, rN+} (You found it on level 4 of the Shoals)
 57922 | Depths:1 | Found a gateway to Hell.
 58115 | Depths:1 | Noticed Nikola
 58129 | Depths:1 | Noticed Saint Roka
 58137 | Depths:1 | Killed Nikola
 58233 | Depths:1 | Killed Saint Roka
 58493 | Depths:1 | Reached XP level 21. HP: 150/150 MP: 34/34
 59204 | Depths:1 | Got a flickering silver amulet
 59237 | Depths:1 | Identified the amulet "Mameisut" {rF+ rN+ Regen+ Dex+2 Stlth+} (You found it on level 1 of the Depths)
 60100 | Depths:2 | Found a one-way gate leading to the halls of Pandemonium.
 61264 | Depths:3 | Got a twitching brass ring
 61266 | Depths:3 | Identified the ring of the Jackalope {SustAt Dex+3 SInv} (You found it on level 3 of the Depths)
 61385 | Depths:3 | Found Atu Haep's General Store.
 61491 | Depths:3 | Noticed Sojobo
 62355 | Depths:3 | Noticed an iron giant
 62370 | Depths:3 | HP: 2/150 [iron giant's throw (39)]
 63096 | Depths:2 | Reached XP level 22. HP: 112/157 MP: 20/35
 64125 | Elf:1    | Entered Level 1 of the Elven Halls
 64656 | Elf:1    | Found a deep blue altar of Sif Muna.
 65841 | Elf:2    | Found a runed gate.
 65841 | Elf:2    | Found a runed gate.
 65841 | Elf:2    | Found a runed gate.
 67458 | Elf:3    | Entered Level 3 of the Elven Halls
 67466 | Elf:3    | Got a steaming glass ring
 67477 | Elf:2    | Identified the ring "Puytif" {rF+ rN+ MR+} (You found it on level 3 of the Elven Halls)
 67550 | Elf:3    | Found Pilest's Distillery.
 68006 | Elf:3    | Reached skill level 10 in Spellcasting
 69824 | Elf:3    | Learned a level 5 spell: Aura of Abjuration
 70190 | Elf:3    | Got an ancient copper ring
 70317 | Elf:3    | Identified a +8 rod of clouds (14/14) (You found it on level 3 of the Elven Halls)
 70320 | Elf:3    | Identified the cursed ring of Muociam {Fragile +Blink rPois MP+9 Int-5} (You took it off a deep elf elementalist on level 3 of the Elven Halls)
 70863 | Elf:3    | Got a scorched rapier {vamp}
 70864 | Elf:3    | Identified the +2 rapier "Bingo" {vamp, *Drain rF+ rN+ Stlth+} (You took it off a deep elf elementalist on level 3 of the Elven Halls)
 70890 | Elf:3    | Reached skill level 10 in Fighting
 71962 | Depths:2 | Reached XP level 23. HP: 165/165 MP: 38/38
 72364 | Depths:3 | Killed Sojobo
 72456 | Depths:3 | Got a wavering glass ring
 72459 | Depths:3 | Identified the ring "Erofet" {Ice +Blink} (You found it on level 3 of the Depths)
 72972 | Depths:3 | Got a flickering marble ring
 72974 | Depths:3 | Identified the ring of Wonder {rC+ MP+9 Str+2} (You found it on level 3 of the Depths)
 73119 | Depths:4 | Found a one-way gate to the infinite horrors of the Abyss.
 73120 | Depths:4 | Noticed Louise
 73122 | Depths:4 | Killed Louise
 73243 | Depths:4 | Found a magical portal.
 73252 | WizLab   | Entered The Roulette of Golubria
 73254 | WizLab   | Found a corrupted altar of Lugonu.
 74077 | WizLab   | Identified the Incunabulum of the Compass
 74088 | WizLab   | Got a twisted cloak
 74091 | WizLab   | Got a steaming cloak
 74125 | WizLab   | Identified the -7 cloak of the Exiled Beggars {Int+2} (You found it in a wizard's laboratory)
 74135 | WizLab   | Identified the cursed +0 cloak of Gehenna {rF+} (You found it in a wizard's laboratory)
 74357 | Depths:4 | Noticed a juggernaut
 74411 | Depths:4 | Killed a juggernaut
 74577 | Depths:4 | Gained mutation: Your body sometimes deteriorates upon taking damage. [a shining eye]
 74665 | Depths:4 | Found a gateway to a ziggurat.
 75433 | Depths:5 | Entered Level 5 of the Depths
 75652 | Depths:5 | Reached XP level 24. HP: 183/183 MP: 38/38
 76476 | Depths:5 | Found a portal to a secret trove of treasure.
 76985 | Lair:2   | Learned a level 5 spell: Warp Weapon
 76988 | Lair:2   | Learned a level 2 spell: Blink
 77267 | Depths:5 | You paid a toll of a +1 ice dragon armour to enter a treasure trove
 77268 | Trove    | Entered a treasure trove
 77271 | Trove    | Got a sparkling steel amulet
 77273 | Trove    | Got an ancient glass ring
 77289 | Trove    | Got a glittering turquoise ring
 77302 | Trove    | Got a glittering lapis lazuli ring
 77420 | Depths:2 | Reached skill level 1 in Translocations
 77624 | Lair:2   | Identified the amulet "Miufin" {Fragile +Rage rC++ Slay+2 SInv} (You found it in a treasure trove)
 77630 | Lair:2   | Identified the ring of Midnight {rCorr *Confuse rPois Int+2} (You found it in a treasure trove)
 77638 | Lair:2   | Identified the ring "Buleahol" {rPois rC+++ Dex+3 Stlth+} (You found it in a treasure trove)
 77642 | Lair:2   | Identified the ring "Juc Tona" {MR+ Dex+2 Stlth+} (You found it in a treasure trove)
 77943 | Slime:1  | Entered Level 1 of the Pits of Slime
 80882 | Slime:3  | Noticed Dissolution
 81082 | Slime:3  | Killed Dissolution
 81717 | Lair:2   | Got a pair of twisted gloves
 81728 | Lair:2   | Identified the +2 pair of gloves of Beyond {MP+9 Str-3 Dex+3} (You acquired it on level 2 of the Lair of Beasts)
 82152 | Vaults:5 | Entered Level 5 of the Vaults
 82491 | Vaults:5 | Got a crude lead ring
 82700 | Vaults:5 | Got a pair of dazzling gloves
 82723 | Vaults:5 | Identified the +0 pair of gloves of Pyth {+Inv rCorr Dex-4} (You found it on level 5 of the Vaults)
 83293 | Vaults:5 | Got a dazzling short sword
 83304 | Vaults:5 | Identified the +6 short sword "Vampire's Curse" {freeze, rC++ Str+4 Dex-3} (You found it on level 5 of the Vaults)
 83308 | Vaults:5 | Identified the ring "Ada Aweso" {+Fly MP-9 Str+4 Dex+3} (You took it off a yaktaur on level 5 of the Vaults)
 83554 | Vaults:5 | Got a shimmering leather armour
 83669 | Vaults:5 | Reached XP level 25. HP: 183/193 MP: 40/40
 83883 | Vaults:5 | Got a twitching turquoise ring
 84091 | Vaults:5 | Identified the ring "Pipnuc" {Fire *Contam +Blink MP+9} (You took it off a hell knight on level 5 of the Vaults)
 84102 | Vaults:5 | Identified the +1 leather armour of the Suburbs {*Drain rPois rC+ rCorr} (You took it off a vault sentinel on level 5 of the Vaults)
 84129 | Vaults:5 | Noticed an ancient lich
 84134 | Vaults:5 | Killed an ancient lich
 84199 | Vaults:5 | Got a smelly leather armour
 84302 | Vaults:5 | Found Seseec's Food Boutique.
 84521 | Vaults:5 | Got a silver rune of Zot
 84531 | Vaults:5 | Identified the Incunabulum of the Oath and Heat
 84844 | Vaults:5 | Identified the +2 leather armour of Kurix {rN+ MR- Regen+} (You found it on level 5 of the Vaults)
 85143 | Lair:2   | Gained mutation: You have a somewhat thin skeletal structure (Dex +2, Stealth). [mutagenic glow]
 86263 | Depths:5 | Reached skill level 15 in Fighting
 86464 | Depths:5 | Found a gate to the Realm of Zot.
 86551 | Zot:1    | Entered Level 1 of the Realm of Zot
 89150 | Zot:3    | Reached XP level 26. HP: 205/205 MP: 41/41
 91154 | D:7      | Bought a scroll of brand weapon for 260 gold pieces
 91441 | Crypt:1  | Entered Level 1 of the Crypt
 91441 | Crypt:1  | Noticed Margery
 91478 | Crypt:1  | Killed Margery
 91964 | Lair:2   | Learned a level 2 spell: Repel Missiles
 92446 | Zot:5    | Entered Level 5 of the Realm of Zot
 92524 | Zot:5    | Found a huge runed gate.
 92524 | Zot:5    | Found a huge runed gate.
 92529 | Zot:5    | Found a huge runed gate.
 92530 | Zot:5    | Found a huge runed gate.
 92539 | Zot:5    | Found a huge runed gate.
 92539 | Zot:5    | Found a huge runed gate.
 92543 | Zot:5    | Found a huge runed gate.
 92777 | Zot:5    | Found a huge runed gate.
 92777 | Zot:5    | Found a huge runed gate.
 92777 | Zot:5    | Found a huge runed gate.
 92781 | Zot:5    | Found a huge runed gate.
 92782 | Zot:5    | Found a huge runed gate.
 92799 | Zot:5    | Found a huge runed gate.
 92799 | Zot:5    | Found a huge runed gate.
 92799 | Zot:5    | Found a huge runed gate.
 93200 | Zot:5    | Noticed an ancient lich
 93204 | Zot:5    | Killed an ancient lich
 93204 | Zot:5    | Reached skill level 15 in Spellcasting
 93586 | Zot:5    | Noticed an ancient lich
 93593 | Zot:5    | Killed an ancient lich
 93850 | Zot:5    | Reached XP level 27. HP: 141/214 MP: 43/43
 94122 | Zot:5    | Noticed an orb of fire
 94139 | Zot:5    | Killed an orb of fire
 94695 | Zot:5    | Noticed an orb of fire
 94711 | Zot:5    | Gained mutation: Potions and wands are less effective at restoring your health. [an orb of fire]
 94717 | Zot:5    | Killed an orb of fire
 95140 | Zot:5    | Noticed an ancient lich
 95156 | Zot:5    | Killed from afar by a black draconian annihilator

Skill      XL: |  1  2  3  4  5  6  7  8  9 10 11 12 13 14 15 16 17 18 19 20 21 22 23 24 25 26 27 |
---------------+----------------------------------------------------------------------------------+-----
Short Blades   | 2 3 4 6 8 9 11 12 | 12.0
Hexes          | 5 6 7 8 10 12 13 15 17 18 20 21 23 | 23.2
Stealth        | 5 6 7 10 11 12 14 15 16 23 | 23.0
Ice Magic      | 1 3 6 |  6.7
Armour         | 3 5 6 7 |  7.8
Dodging        | 5 8 9 11 18 19 21 22 | 22.4
Spellcasting   | 3 6 9 11 13 14 16 17 | 17.6
Invocations    | 1 5 7 8 |  8.0
Fighting       | 3 6 7 8 9 10 13 14 16 17 | 17.0
Charms         | 6 10 12 13 | 13.4
Shields        | 5 6 |  6.7
Summonings     | 11 16 19 21 | 21.0
Translocations | 3 |  3.5

Action                   |  1- 3 |  4- 6 |  7- 9 | 10-12 | 13-15 | 16-18 | 19-21 | 22-24 | 25-27 || total
-------------------------+-------+-------+-------+-------+-------+-------+-------+-------+-------++-------
Melee: Dagger            |   121 |       |   340 |   306 |       |       |       |       |       ||   767
       Bite              |    11 |     8 |    46 |    66 |   111 |   240 |   292 |   478 |   299 ||  1551
       Short sword       |    28 |   154 |   219 |   449 |  1387 |    91 |       |       |       ||  2328
       Unarmed           |       |       |       |     1 |       |       |       |       |       ||     1
       Quick blade       |       |       |       |       |       |  1394 |  1649 |  2757 |  1637 ||  7437
       Rapier            |       |       |       |       |       |       |       |    33 |       ||    33
Throw: Javelin           |       |       |     1 |    37 |    21 |    14 |     6 |    26 |    10 ||   115
       Tomahawk          |       |       |       |       |       |    11 |     9 |       |       ||    20
 Cast: Corona            |     2 |     9 |     2 |       |       |       |       |       |       ||    13
       Ensorcelled Hiber |    18 |    24 |   111 |   129 |   476 |   387 |   333 |   105 |    46 ||  1629
       Confuse           |       |     1 |    26 |    68 |    92 |    55 |   187 |   150 |   124 ||   703
       Tukima's Dance    |       |       |       |     4 |     1 |    13 |     9 |     9 |       ||    36
       Haste             |       |       |       |       |       |     5 |    19 |    40 |    23 ||    87
       Discord           |       |       |       |       |       |     3 |     4 |     9 |       ||    16
       Ozocubu's Armour  |       |       |       |       |       |     2 |    13 |     1 |     5 ||    21
       Summon Ice Beast  |       |       |       |       |       |       |    10 |       |       ||    10
       Summon Horrible T |       |       |       |       |       |       |     1 |    25 |    62 ||    88
       Aura of Abjuratio |       |       |       |       |       |       |       |     3 |     6 ||     9
       Warp Weapon       |       |       |       |       |       |       |       |     1 |     2 ||     3
       Blink             |       |       |       |       |       |       |       |       |     1 ||     1
 Abil: End Transformatio |     1 |     2 |     1 |     3 |       |     1 |       |       |       ||     8
       Bat Form          |     1 |     2 |     1 |     3 |       |     1 |       |       |       ||     8
       Stop Flying       |       |       |       |       |       |       |       |     1 |     1 ||     2
       Evoke Flight      |       |       |       |       |       |       |       |       |     1 ||     1
Evoke: Wand              |       |       |       |       |       |     6 |     1 |    11 |     3 ||    21
       Box of beasts     |       |       |       |       |       |       |       |       |     1 ||     1
       Sack of spiders   |       |       |       |       |       |       |       |       |     1 ||     1
  Use: Scroll            |     6 |     4 |     7 |     7 |    20 |     9 |     7 |    19 |     7 ||    86
       Potion            |       |     3 |     9 |    13 |     5 |    16 |    10 |    30 |    20 ||   106
 Stab: Sleeping          |    17 |    29 |    84 |   132 |   441 |   360 |   262 |   209 |    69 ||  1603
       Distracted        |     1 |       |     1 |     4 |     4 |     8 |     8 |    26 |    38 ||    90
       Confused          |       |     1 |    11 |    49 |    92 |    28 |   122 |   116 |   107 ||   526
       Petrified         |       |       |       |       |       |       |     3 |       |       ||     3
  Eat: Corpse            |     2 |     3 |     1 |     5 |       |     2 |     1 |    15 |     2 ||    31
Armor: Robe              |    34 |    30 |       |    13 |       |     7 |    99 |   153 |    90 ||   426
       Ring mail         |       |     2 |   162 |   103 |   166 |   233 |       |       |       ||   666
       Chain mail        |       |       |       |       |    71 |       |       |       |       ||    71
Dodge: Dodged            |    61 |    72 |   188 |   250 |   587 |  1397 |   863 |   950 |   671 ||  5039
Block: Buckler           |       |       |       |       |       |    79 |   262 |   261 |   189 ||   791
